 Dungeon Crawl Stone Soup version 0.23.2-30-g0e89c35649 (webtiles) character file.

Game seed: 1349756929884348842

1369 TrebMcFLY the Firebug (level 8, -1/44 HPs)
             Began as a Deep Elf Fire Elementalist on June 22, 2019.
             Was an Initiate of Sif Muna.
             Killed by nerve-wracking pain
             ... invoked by an orc priest
              (8 damage)
             ... on level 6 of the Dungeon.
             The game lasted 00:20:59 (6119 turns).

TrebMcFLY the Firebug (Deep Elf Fire Elementalist)  Turns: 6119, Time: 00:21:00

Health: -1/44      AC:  5    Str:  5    XL:     8   Next: 38%
Magic:  2/19       EV: 14    Int: 23    God:    Sif Muna [......]
Gold:   277        SH:  3    Dex: 17    Spells: 4/19 levels left

rFire    . . .     SeeInvis .   v - +2 mace (holy)
rCold    . . .     Gourm    .   (no shield)
rNeg     . . .     Faith    .   a - +0 robe
rPois    .         Spirit   .   x - +0 helmet
rElec    .         Reflect  +   j - +0 cloak
rCorr    .         Harm     .   t - +0 pair of gloves
MR       .....                  (no boots)
Stlth    +++.......             w - +3 amulet of reflection
HPRegen  0.14/turn              s - +2 ring of dexterity
MPRegen  0.16/turn              (no ring)

@: very slightly contaminated
A: no striking features
a: Renounce Religion


You were on level 6 of the Dungeon.
You worshipped Sif Muna.
Sif Muna was noncommittal.
You were not hungry.

You visited 2 branches of the dungeon, and saw 7 of its levels.

You collected 277 gold pieces.

Inventory:

Hand Weapons
 e - a +0 dagger of electrocution
 v - a +2 mace of holy wrath (weapon)
Armour
 a - a +0 robe (worn)
 j - a +0 cloak (worn)
 t - a +0 pair of gloves (worn)
 x - a +0 helmet (worn)
Jewellery
 f - an uncursed amulet of the gourmand
 s - a +2 ring of dexterity (left hand)
 w - a +3 amulet of reflection (around neck)
Wands
 l - a wand of polymorph (7)
 y - a wand of iceblast (11)
Scrolls
 d - 6 scrolls of teleportation {unknown}
 k - 4 scrolls of amnesia {unknown}
 m - 3 scrolls of immolation {unknown}
 n - 5 scrolls of identify {unknown}
 o - a scroll of random uselessness {unknown}
 p - 2 scrolls of fear {unknown}
 q - a scroll of magic mapping {unknown}
 r - 4 scrolls of remove curse {unknown}
 z - a scroll of enchant weapon {unknown}
Potions
 b - 2 potions of magic {unknown}
 g - a potion of haste {unknown}
 h - a potion of berserk rage {unknown}
 i - 2 potions of agility {unknown}
 u - a potion of curing {unknown}
 B - a potion of flight {unknown}
Comestibles
 c - 12 rations
 A - 4 chunks of flesh


   Skills:
 + Level 2.0 Fighting
 + Level 2.1 Armour
 + Level 4.2 Dodging
 + Level 4.3 Stealth
 + Level 6.1 Spellcasting
 + Level 4.3 Conjurations
 * Level 7.1 Fire Magic
 + Level 2.3 Invocations


You had 4 spell levels left.
You knew the following spells:

 Your Spells              Type           Power        Failure   Level  Hunger
a - Flame Tongue          Conj/Fire      ####.        1%          1    None
b - Throw Flame           Conj/Fire      ####..       1%          2    None
c - Conjure Flame         Conj/Fire      ####....     2%          3    #......
d - Sticky Flame          Conj/Fire      ####....     8%          4    ###....
e - Fireball              Conj/Fire      ####......   22%         5    #####..

Your spell library contained the following spells:

 Spells                   Type           Power        Failure   Level  Hunger
 Inner Flame              Hex/Fire       ###.....     6%          3    #......


Dungeon Overview and Level Annotations

Branches:
Dungeon (6/15)             Temple (1/1) D:4

Altars:
Ashenzari
Cheibriados
Dithmenos
Elyvilon
Fedhas
Gozag
Hepliaklqana
Kikubaaqudgha
Makhleb
Nemelex Xobeh
Okawaru
Qazlal
Ru
Sif Muna
Trog
Uskayaw
Vehumet
Wu Jian
Xom
Yredelemnul
Zin
The Shining One


Message History

* * * LOW HITPOINT WARNING * * *
Things that are here:
a cursed -3 dagger; a cursed +0 robe; an orc corpse
Casting: Sticky Flame (safe; 8% risk of failure)
Confirm with . or Enter, or press ? or * to list all spells.
Aiming: Sticky Flame (safe; 8% risk of failure)
Press: ? - help, Shift-Dir - straight line, f - orc warrior
Aim: an orc warrior, wielding a +0 glaive and wearing a +0 plate armour You miscast Sticky Flame.
You are very lightly contaminated with residual magic.
Wisps of smoke drift from your hands.
Casting: Sticky Flame (safe; 8% risk of failure)
Confirm with . or Enter, or press ? or * to list all spells.
You don't have enough magic to cast that spell.
Unknown command.
The orc warrior closely misses you.
The orc priest casts a cantrip, but nothing happens.
The orc priest calls down the wrath of Beogh upon you.
Pain shoots through your body!
You die...

....... #.........#.)# #.
.......#####..##........# #.
............).####.....## ###.
..........).o.####...#.####[<.
.........###...#..####......##
........## #.o...## #..#...##
........# #....## ##.###....
........## #...## #..# ##...
...###...###)@## #.## #... ..
###..#....## ##.# ##.# .
##.......####..# #..
#...#........## ##..
##........#....### #..#
##.##.....###.....###.##
##..####..## #...#..#..##
###....####.# ##..##.....#
#..>....###.# #..##.###..


You could see an orc warrior and an orc priest.

Vanquished Creatures
  A black bear (D:6)
  2 ice beasts (D:5)
  2 phantoms (D:6)
  An ogre (D:6)
  A scorpion (D:5)
  A howler monkey (D:4)
  2 orc priests
  4 hounds
  6 orc wizards
  A centaur skeleton (D:6)
  An iguana (D:4)
  6 worker ants
  A worker ant zombie (D:6)
  7 adders
  An ooze (D:1)
  6 worms
  2 dart slugs (D:1)
  9 leopard geckos
  17 orcs
  3 bats
  2 giant cockroaches
  7 goblins
  4 hobgoblins (D:2)
  4 jackals
  3 quokkas (D:4)
  A ball python (D:4)
  7 frilled lizards
  6 kobolds
  2 leopard gecko skeletons
  A quokka skeleton (D:5)
  3 rats
114 creatures vanquished.

Notes
Turn   | Place    | Note
-------+----------+-------------------------------------------
     0 | D:1      | TrebMcFLY the Deep Elf Fire Elementalist began the quest
                  | for the Orb.
     0 | D:1      | Reached XP level 1. HP: 10/10 MP: 6/6
   321 | D:1      | Reached XP level 2. HP: 15/15 MP: 4/8
   349 | D:1      | Learned a level 2 spell: Throw Flame
   801 | D:2      | Reached skill level 4 in Fire Magic
   840 | D:1      | Reached XP level 3. HP: 16/19 MP: 0/10
  1011 | D:2      | Learned a level 3 spell: Conjure Flame
  1415 | D:2      | Reached XP level 4. HP: 24/24 MP: 4/11
  2053 | D:3      | Learned a level 4 spell: Sticky Flame
  2624 | D:4      | Reached skill level 5 in Fire Magic
  2624 | D:4      | Reached XP level 5. HP: 28/28 MP: 3/13
  2960 | D:4      | Reached XP level 6. HP: 27/32 MP: 4/15
  3231 | D:4      | Reached skill level 5 in Spellcasting
  3378 | D:4      | Learned a level 5 spell: Fireball
  3686 | D:4      | Reached skill level 6 in Fire Magic
  3865 | D:4      | Found a white marble altar of Elyvilon.
  3923 | D:4      | Found a staircase to the Ecumenical Temple.
  3935 | Temple   | Entered the Ecumenical Temple
  4030 | Temple   | Became a worshipper of Sif Muna the Loreminder
  4106 | D:3      | Reached XP level 7. HP: 21/37 MP: 2/16
  4264 | D:4      | Reached skill level 1 in Armour
  4364 | D:4      | Reached skill level 1 in Fighting
  4512 | D:5      | Entered Level 5 of the Dungeon
  4741 | D:5      | Reached skill level 1 in Invocations
  5463 | D:6      | Reached XP level 8. HP: 41/44 MP: 9/18
  5854 | D:6      | Reached skill level 7 in Fire Magic
  6119 | D:6      | Killed from afar by an orc priest

Skill      XL: |  1  2  3  4  5  6  7  8 |
---------------+-------------------------+-----
Fire Magic     | 4 5 6 7 |  7.1
Conjurations   | 2 3 4 |  4.3
Spellcasting   | 4 5 6 |  6.1
Dodging        | 3 4 |  4.2
Stealth        | 3 4 |  4.3
Armour         | 1 2 |  2.1
Fighting       | 1 2 |  2.0
Invocations    | 1 2 |  2.3

Action                   |  1- 3 |  4- 6 |  7- 9 || total
-------------------------+-------+-------+-------++-------
Melee: Mace              |       |     3 |    31 ||    34
 Cast: Flame Tongue      |    27 |    63 |    46 ||   136
       Throw Flame       |    26 |    66 |    41 ||   133
       Conjure Flame     |     1 |       |       ||     1
       Sticky Flame      |       |     8 |     6 ||    14
  Eat: Chunk             |    16 |    10 |       ||    26
Armor: Robe              |       |     8 |    13 ||    21
Dodge: Dodged            |     8 |    30 |    14 ||    52
Block: Other             |       |     1 |     5 ||     6
